 Dungeon Crawl Stone Soup version 0.16-a0-787-g31dbbe7 (console) character file.

300 Kellhus the Ruinous (level 6, -5/32 HPs)
             Began as a Gargoyle Wizard on Sept 27, 2014.
             Was an Initiate of Vehumet.
             Killed by divine providence
             ... invoked by an orc priest
              (12 damage)
             ... on Level 4 of the Dungeon.
             The game lasted 00:07:27 (4349 turns).

Kellhus the Ruinous (Gargoyle Wizard)               Turns: 4349, Time: 00:07:27

HP  -5/32        AC 11     Str 10      XL: 6   Next: 36%
MP  12/12        EV 11     Int 21      God: Vehumet [......]
Gold 167         SH  0     Dex  8      Spells:  1 memorised, 10 levels left

rFire  . . .     SeeInvis .     a - +2 morningstar (crush)
rCold  . . .     Clarity  .     t - +0 robe
rNeg   + . .     rCorr    .     (no shield)
rPois  +         rRot     +     x - +0 hat
rElec  +         Spirit   .     (no cloak)
SustAb .         Warding  .     (no gloves)
rMut   .         Stasis   .     e - +0 pair of boots
Gourm  +                        p - amulet of the gourmand
MR     .....                    (no ring)
                                B - +4 ring of protection

@: not resistant to hostile enchantments, unstealthy
A: negative energy resistance 1, electricity resistance, unbreathing,
petrification resistance, rot immunity, AC +4
a: Renounce Religion


You were on level 4 of the Dungeon.
You worshipped Vehumet.
Vehumet was noncommittal.
You were completely stuffed.

You visited 2 branches of the dungeon, and saw 5 of its levels.

You collected 167 gold pieces.

Inventory:

Hand weapons
 a - a +2 morningstar of crushing (weapon)
 b - a +0 blowgun
 o - a +2 hand axe of chopping
Missiles
 y - 26 poisoned needles
Armour
 e - a +0 pair of boots (worn)
 t - a +0 robe (worn)
 x - a +0 hat (worn)
Comestibles
 d - 3 bread rations
 j - 2 fruits
 w - a meat ration
 E - a chunk of orc flesh
 F - a chunk of goblin flesh
Scrolls
 f - 4 scrolls of identify
 m - 5 scrolls of remove curse {unknown}
 n - 2 scrolls of immolation
 s - a scroll of fog {unknown}
 u - a scroll of enchant weapon {unknown}
 v - a scroll of noise {unknown}
 z - a scroll of magic mapping {unknown}
Jewellery
 p - an amulet of the gourmand (around neck)
 B - a +4 ring of protection (left hand)
Potions
 g - a potion of confusion
 l - a potion of lignification
 r - a potion of invisibility
Books
 c - a book of Minor Magic

   Spells                             Type                      Level
   *Magic Dart                        Conjuration                  1
   Blink                              Translocation                2
   Call Imp                           Summoning                    2
   Repel Missiles                     Charms/Air                   2
   Slow                               Hexes                        2
   Conjure Flame                      Conjuration/Fire             3
   Mephitic Cloud                     Conjuration/Poison/Air       3


   Skills:
 - Level 1.5 Dodging
 - Level 2.1 Stealth
 - Level 3.0 Spellcasting
 + Level 6.8 Conjurations
   Level 0.8 Summonings
   Level 0.8 Translocations


You had 10 spell levels left.
You knew the following spells:

 Your Spells              Type           Power        Failure   Level  Hunger
a - Magic Dart            Conj           ####         1%          1    None


Dungeon Overview and Level Annotations

Branches:
Dungeon (4/15)             Temple (1/1) D:4

Altars:
Cheibriados
Fedhas
Kikubaaqudgha
Makhleb
Okawaru
Qazlal
Ru
Trog
Vehumet
Yredelemnul
Zin


Innate Abilities, Weirdness & Mutations

You are resistant to torment.
You are immune to poison.
Your stone body is very resilient (AC +4).
You resist negative energy.
You are resistant to electric shocks.
You can survive without breathing.
You are immune to petrification.
You are immune to rotting.


Message History

n - 2 scrolls of immolation The orc priest hits you with a flail.
* * * LOW HITPOINT WARNING * * *
The orc hits you but does no damage.
Read which item? (? for menu, Esc to quit)
As you read the scroll labeled SMECIS THECHEO, it crumbles to dust.
You assume a fearsome visage.
The orc priest looks frightened!
The orc wizard looks frightened!
The orc looks frightened!
The orc priest looks frightened!
It was a scroll of fear.
The orc wizard gestures wildly while chanting.
The orc wizard blinks!
The orc priest becomes somewhat translucent.
The orc priest utters an invocation to Beogh.
You feel a wave of unholy energy pass over you.
The orc gibbers meaninglessly.
Cornered, the orc priest turns to fight!
The orc priest's eyes start to glow.
The orc priest invokes the aid of Beogh against you.
Something smites you!
You die...

.# ######....# .#
#....#....# .#
#.<..#....# .#
#....(.(..# .#
#.)..#....# .#
#....#....#
.############'###....#
##.#...##..#.....#####
...........#....@#
...........#.....#
...........#.....#
.#####'##..#.....#
.####..##..#.....#
.......#...#.....#
.......#...#.....#
.......#...#.....#
###....#...#....o#


You could see an orc priest.

Vanquished Creatures
  An iguana (D:4)
  2 orc wizards
  Terence (D:2)
  10 adders
  A giant mite (D:4)
  2 worms (D:3)
  A giant gecko (D:1)
  2 oozes
  10 orcs
  9 bats
  5 giant cockroaches
  5 hobgoblins
  8 jackals
  9 kobolds
  2 quokkas
  2 giant newts
  7 goblins
  A goblin skeleton (D:4)
  An orc skeleton (D:4)
  6 rats
85 creatures vanquished.

Notes
Turn   | Place    | Note
--------------------------------------------------------------
     0 | D:1      | Kellhus, the Gargoyle Wizard, began the quest for the Orb.
     0 | D:1      | Reached XP level 1. HP: 10/10 MP: 4/4
   400 | D:1      | Reached XP level 2. HP: 9/15 MP: 0/6
   975 | D:1      | Reached XP level 3. HP: 11/19 MP: 0/7
  1210 | D:2      | Noticed Terence
  1352 | D:2      | Killed Terence
  1352 | D:2      | Reached skill level 4 in Conjurations
  1352 | D:2      | Reached XP level 4. HP: 24/24 MP: 0/9
  1559 | D:2      | Found a basalt altar of Yredelemnul.
  1769 | D:2      | Reached skill level 5 in Conjurations
  1872 | D:3      | Reached XP level 5. HP: 28/28 MP: 9/11
  2531 | D:3      | Found a glowing silver altar of Zin.
  2558 | D:3      | Reached skill level 6 in Conjurations
  2676 | D:3      | Found a bloodstained altar of Trog.
  3195 | D:4      | Reached XP level 6. HP: 5/32 MP: 12/12
  3749 | D:4      | Found a staircase to the Ecumenical Temple.
  3804 | Temple   | Entered the Ecumenical Temple
  3836 | Temple   | Became a worshipper of Vehumet
  4349 | D:4      | Killed from afar by an orc priest

Action                   |  1- 3 |  4- 6 || total
-------------------------+-------+-------++-------
Melee: Unarmed           |    28 |       ||    28
       Hand axe          |       |     6 ||     6
       Morningstar       |       |     2 ||     2
 Fire: Blowgun           |       |     7 ||     7
 Cast: Magic Dart        |    62 |   157 ||   219
  Use: Potion            |       |     9 ||     9
       Scroll            |       |     2 ||     2
  Eat: Chunk             |     1 |    20 ||    21
